 Dungeon Crawl Stone Soup version 0.31.0-1-g2c135a0 (webtiles) character file.

Game seed: 1016298505699525869

116 Fuzzwah the Chopper (level 4, 0/61 HPs)
             Began as a Minotaur Berserker on Jan 30, 2024.
             Was a Believer of Trog.
             Succumbed to an adder's poison
             ... in a sewer.
             The game lasted 00:09:38 (2086 turns).

Fuzzwah the Chopper (Minotaur Berserker)            Turns: 2086, Time: 00:09:38

Health: 0/61       AC: 22    Str: 22    XL:     4   Next: 70%
Magic:  3/3        EV:  2    Int:  4    God:    Trog [**....]
Gold:   88         SH:  0    Dex: 11    Spells: 3/3 levels left

rFire   . . .        d - +2 dagger (venom)
rCold   . . .        (no shield)
rNeg    . . .        b - melded +0 animal skin
rPois   +            (helmet currently unavailable)
rElec   .            (cloak currently unavailable)
rCorr   .            (gloves currently unavailable)
SInv    .            (boots currently unavailable)
Will    .....        (no amulet)
Stlth   +            (no ring)
HPRegen 0.30/turn    (no ring)
MPRegen 0.08/turn

%: no passive effects
@: lethally poisoned (0 -> -2), tree-form, hasted, slow
A: stationary, stasis, torment immunity, boosted hp, (horns 2), (retaliatory
headbutt)
a: Renounce Religion, Berserk, Trog's Hand


You were in a sewer.
You worshipped Trog.
Trog was pleased with you.
You were a tree.
You visited 1 branch of the dungeon, and saw 4 of its levels.
You also visited: Sewer.

You collected 88 gold pieces.

Inventory:

Hand Weapons
 a - a +0 hand axe
 d - a +2 dagger of venom (weapon)
Armour
 b - a +0 animal skin (melded)
 g - a +0 ring mail
Scrolls
 c - a scroll of enchant weapon {unknown}
 h - 3 scrolls of teleportation
 i - a scroll of identify
 j - a scroll of vulnerability {unknown}


   Skills:
 + Level 4.4 Fighting
 + Level 1.0 Short Blades
 * Level 5.1 Axes
 * Level 3.3 Armour
 + Level 2.6 Dodging
 + Level 0.1 Stealth


You had 3 spell levels left.
You didn't know any spells.
Your spell library was empty.

Dungeon Overview and Level Annotations

Branches:
Dungeon (4/15)              Sewer (1/1)
 Temple: D:4-7

Altars:
Trog


Innate Abilities, Weirdness & Mutations

You are a tree.
Your roots penetrate the ground, keeping you stationary.
You cannot be teleported.
You are immune to unholy pain and torment.
Your maximum health is greatly increased.
Your equipment is partially melded.
((You have a pair of horns on your head.))
((You reflexively headbutt those who attack you in melee.))


Message History

* * * LOW HITPOINT WARNING * * *
You are lethally poisoned!
The adder poisons you!
The sickly merfolk siren chants a haunting song.
You are mesmerised by the sickly merfolk siren!
You cannot move away from the sickly merfolk siren!
You cannot move away from the sickly merfolk siren!
You cannot move away from the sickly merfolk siren!
Your unstable footing causes you to fumble your attack.
You are no longer entranced.
* * * LOW HITPOINT WARNING * * *
You feel sick. The adder barely misses you. You furiously retaliate!
You headbutt the adder.
The sickly merfolk siren chants a haunting song.
You resist.
It was a potion of lignification.
You turn into a tree.
Your +0 animal skin melds into your body.
Your roots penetrate the ground.
You feel sick. The adder bites you but does no damage.
The giant cockroach completely misses you.
The sickly merfolk siren chants a haunting song.
You resist. The adder bites you but does no damage.
You feel yourself speed up.
You feel sick. The giant cockroach bites you.
* * * LOW HITPOINT WARNING * * *
The adder bites you but does no damage. The sickly merfolk siren hits you.
* * * LOW HITPOINT WARNING * * *
You hit the sickly merfolk siren.
The sickly merfolk siren is poisoned.
The sickly merfolk siren is lightly wounded.
The giant cockroach bites you but does no damage.
The adder bites you.
* * * LOW HITPOINT WARNING * * *
The sickly merfolk siren hits you but does no damage.
You hit the sickly merfolk siren but do no damage.
The sickly merfolk siren looks as sick as possible!
The sickly merfolk siren is lightly wounded.
* * * LOW HITPOINT WARNING * * *
You feel sick. The giant cockroach barely misses you.
You hit the sickly merfolk siren but do no damage.
The sickly merfolk siren is lightly wounded.
You die...

# .. ...## ###
~~.... r.#
~~~~~B##r# #≈≈≈#B#
####
#lm♣#############..#
#≈S~~~~~~~~~~~~..~..
##########≈~≈≈≈≈≈≈≈~
#############
#∩∩~~~~†.....
###~~~.###### ##~.##
####


You could see a sickly merfolk siren (extremely poisoned), an adder (poisoned),
2 giant cockroaches, a frilled lizard and 2 rats.

Vanquished Creatures
  An orc wizard (D:3)
  An adder (D:3)
  A river rat (Sewer)
  A dart slug (D:1)
  A ribbon worm (D:2)
  6 orcs (D:3)
  8 bats
  4 endoplasms
  A giant cockroach (D:3)
  4 goblins
  4 hobgoblins
  3 jackals (D:1)
  4 kobolds
  3 quokkas
  8 ball pythons
  5 frilled lizards
  8 rats
63 creatures vanquished.

Notes
Turn   | Place    | Note
-------+----------+-------------------------------------------
     0 | D:1      | Fuzzwah the Minotaur Berserker began the quest for the Orb.
     0 | D:1      | Reached XP level 1. HP: 19/19 MP: 0/0
    83 | D:1      | Reached skill level 4 in Axes
    83 | D:1      | Reached XP level 2. HP: 23/27 MP: 1/1
   399 | D:1      | You fall into a shaft and drop 1 floor!
   670 | D:2      | Reached XP level 3. HP: 33/33 MP: 2/2
   770 | D:2      | Reached ** piety under Trog
   947 | D:3      | Found a bloodstained altar of Trog.
   981 | D:3      | Gained mutation: You have hidden genetic defects. [potion
                  | of mutation]
   981 | D:3      | Lost mutation: You have hidden genetic defects. [potion of
                  | mutation]
   983 | D:3      | Reached XP level 4. HP: 9/40 MP: 3/3
  1337 | D:3      | Reached skill level 5 in Axes
  1983 | D:4      | Found a glowing drain.
  1992 | D:4      | Reached skill level 1 in Short Blades
  1997 | Sewer    | Entered a sewer
  2084 | Sewer    | HP: 2/61 [adder (2)]
  2086 | Sewer    | Succumbed to an adder's poison

Illustrated notes

Levels and vault maps discovered:
D:1:      heliophobic_arrival_dark_side_of_the_moon, layout_rooms
D:2:      layout_rooms
D:3:      minmay_recursive_quarters, layout_basic, lemuel_doored_altar
D:4:      layout_cave_pools, vehumet_statue, mainiacjoe_overflow_tiny_flanked,
          minmay_temple_entry_mini_moons, cheibrodos_sewer_entry_sluice
Sewer:    sewer_sea

Skill      XL: |  1  2  3  4 |
---------------+-------------+-----
Axes           | 4 5 |  5.1
Fighting       | 4 |  4.4
Armour         | 3 |  3.3
Short Blades   | 1 |  1.0
Dodging        | |  2.6
Stealth        | |  0.1

Action                     |  1- 3 |  4- 6 || total
---------------------------+-------+-------++-------
  Melee: Hand axe          |    31 |       ||    31
         Headbutt          |    13 |     5 ||    18
         Dagger            |    48 |    49 ||    97
         Punch             |       |     1 ||     1
    Use: Scroll            |     4 |       ||     4
         Potion            |     1 |     2 ||     3
   Stab: Sleeping          |     1 |       ||     1
 Armour: Animal skin       |    44 |    27 ||    71
         Skin              |       |     8 ||     8
  Dodge: Dodged            |    55 |    39 ||    94
